 Dungeon Sprint DCSS version 0.31-a0-662-g684573625c (webtiles) character file.

Game seed: 7725584748670590360

1197 rocky1 the Martial Artist (level 8, -4/65 HPs)
             Began as a Djinni Shapeshifter on Sept 1, 2023.
             Was an Initiate of Gozag.
             Slain by a two-headed ogre
             ... wielding a +0 giant club
              (22 damage)
             ... in the Dungeon (Sprint IX: "|||||||||||||||||||||||||||||").
             The game lasted 00:02:33 (500 turns).

rocky1 the Martial Artist (Djinni Shapeshifter)      Turns: 500, Time: 00:02:34

Health: -4/65      AC:  2    Str: 16    XL:     8   Next: 72%
Gold:   495        EV: 16    Int: 15    God:    Gozag SH:  0 Dex: 15

rFire   + +          .
                       - Unarmed
rCold   x . .        (no shield)
rNeg    . . .        a - +0 animal skin
rPois   ∞            (helmet currently unavailable)
rElec   .            (cloak currently unavailable)
rCorr   .            (gloves currently unavailable)
SInv    .            (boots unavailable)
Will    .....        (no amulet)
Stlth   +            n - +3 ring of strength
HPRegen 0.30/turn    o - +3 ring of intelligence
MPRegen 0.00/turn

%: no teleportation, infuse magic (-5 HP)
@: beast-form, gold aura, flying, invisible
A: beast (slay +4), flying, sickness immunity, fire resistance 2, cold
vulnerability 1, float, innate caster, HP casting, extra vitality 1
a: Begin Untransformation, Renounce Religion, Potion Petition, Call Merchant,
Bribe Branch


You were in the Dungeon.
You worshipped Gozag.
Gozag was aware of your devotion.
You were a hulking beast.
You visited 1 branch You collected 495 gold pieces.

Inventory:

Armour
 a - a +0 animal skin (worn)
 k - a +1 scale mail
 l - a +0 cloak
 m - a +0 pair of gloves
Jewellery
 n - a +3 ring of strength (left hand)
 o - a +3 ring of intelligence (right hand)
Talismans
 c - a beast talisman (active)
 d - a flux talisman
Wands
 j - a wand of acid (2) (quivered)
Scrolls
 i - a scroll of blinking
Potions
 b - a potion of lignification
 e - 5 potions of curing
 f - 2 potions of heal wounds
 g - a potion of haste


   Skills:
 + Level 8.1 Fighting
 + Level 9.1 Dodging
 * Level 11.9 Unarmed Combat
 + Level 7.6 Shapeshifting


You knew the following spells:

 Your Spells              Type           Power      Damage    Failure   Level
a - Kiss of Death         Conj/Necr      0%         2d5       26%         1
b - Static Discharge      Conj/Air       0%         2-2/arc   38%         2
c - Stone Arrow           Conj/Erth      0%         3d7       63%         3
Your spell library was empty.

Dungeon Overview and Level Annotations

Branches:
Dungeon (1/1)

Altars:
Cheibriados
Dithmenos
Elyvilon
Fedhas
Gozag
Hepliaklqana
Makhleb
Nemelex Xobeh
Okawaru
Qazlal
Ru
Trog
Uskayaw
Wu Jian
Xom
Yredelemnul
Zin
The Shining One
Jiyva
Lugonu


Innate Abilities, Weirdness & Mutations

You are a hulking beast.
Your limbs bulge with bestial killing power. (Slay +4)
You are flying.
You are immune to sickness and miasma.
You are immune to poison.
Your flesh is very heat resistant. (rF++)
You are vulnerable to cold. (rC-)
You float through the air rather than walking.
You learn spells naturally, not from books.
Your magical power is your life essence.
You have superior vitality. (+4 MHP)


Message History

The gargoyle misses you.
You hit the gargoyle but do no damage.
The gargoyle is heavily damaged.
You hit the gargoyle but do no damage.
The gargoyle is heavily damaged.
The gargoyle hurls a stone arrow at you.
The stone arrow misses you.
You hit the gargoyle but do no damage.
You punch the gargoyle, but do no damage.
The gargoyle is heavily damaged.
The gargoyle closely misses you.
You punch the gargoyle!
The gargoyle is almost destroyed.
The gargoyle closely misses you.
You catch the helpless gargoyle completely off-guard!
You punch the gargoyle!
You destroy the gargoyle!
Your Fighting skill increases to level 8!
Your Dodging skill increases to level 9!
Unknown command.
You pummel the two-headed ogre!!
The two-headed ogre is moderately wounded.
You strike the helpless two-headed ogre from behind!
You punch the two-headed ogre!
The two-headed ogre is heavily wounded.
The two-headed ogre hits you with a +0 giant club!!
* * * LOW HITPOINT WARNING * * *
The two-headed ogre completely misses you.
You hear a shout!
You hit the two-headed ogre.
The two-headed ogre is heavily wounded.
The slime creature is distracted by your dazzling golden aura.
You strike the helpless two-headed ogre from behind!
You punch the two-headed ogre!
The two-headed ogre is severely wounded.
The slime creature is no longer distracted by gold.
The two-headed ogre completely misses you.
The two-headed ogre hits you with a +0 giant club!!
You die...
Your body crumbles into a pile of gold. ▓▓▓▓▓▓▓▓▓▓▓▓▓▓▓▓▓▓▓▓▓▓▓▓ '!?).....)'.....hO..JhC{ ▓▓▓▓▓▓▓▓▓▓▓▓▓▓▓▓▓▓▓▓▓▓▓▓

You could see a slime creature (unaware, unable to see you), a two-headed ogre (unable to see you), a cyclops (unable to see you) and a black bear (unable to see you).

Vanquished Creatures
  A gargoyle (D)
  2 trolls (D)
  A vampire (D)
  An ice beast (D)
  An orc warrior (D)
  A killer bee (D)
  A howler monkey (D)
  A hound (D)
  An adder (D)
  2 white imps (D)
  A bat (D)
  A hobgoblin (D)
  A ball python (D)
  2 rats (D)
17 creatures vanquished.

Notes
Turn   | Place    | Note
-------+----------+-------------------------------------------
     0 | D        | rocky1 the Djinni Shapeshifter began the quest for the Orb.
     0 | D        | Reached XP level 1. HP: 17/17 MP: 0/0
    26 | D        | Noticed an ice beast
    26 | D        | Noticed a hound
    33 | D        | Killed an ice beast
    34 | D        | Reached skill level 6 in Unarmed Combat
    34 | D        | Reached XP level 2. HP: 25/25 MP: 0/0
    34 | D        | Reached XP level 3. HP: 30/30 MP: 0/0
    34 | D        | Learned a level 1 spell: Kiss of Death
    34 | D        | Reached XP level 4. HP: 36/36 MP: 0/0
    34 | D        | Reached XP level 5. HP: 40/40 MP: 0/0
    34 | D        | Learned a level 2 spell: Static Discharge
    40 | D        | Reached skill level 5 in Dodging
    46 | D        | Reached skill level 7 in Unarmed Combat
   288 | D        | Found a snail-covered altar of Cheibriados.
   288 | D        | Found a shadowy altar of Dithmenos.
   288 | D        | Found a white marble altar of Elyvilon.
   288 | D        | Found a blossoming altar of Fedhas.
   288 | D        | Found an opulent altar of Gozag.
   289 | D        | Found a hazy altar of Hepliaklqana.
   290 | D        | Found a viscous altar of Jiyva.
   292 | D        | Found a corrupted altar of Lugonu.
   293 | D        | Found a burning altar of Makhleb.
   294 | D        | Found a sparkling altar of Nemelex Xobeh.
   295 | D        | Found an iron altar of Okawaru.
   296 | D        | Became a worshipper of Gozag Ym Sagoz the Greedy
   297 | D        | Found a stormy altar of Qazlal.
   298 | D        | Found a sacrificial altar of Ru.
   300 | D        | Found a bloodstained altar of Trog.
   301 | D        | Found a hide-covered altar of Uskayaw.
   303 | D        | Found an ornate altar of the Wu Jian Council.
   304 | D        | Found a shimmering altar of Xom.
   305 | D        | Found a basalt altar of Yredelemnul.
   306 | D        | Found a glowing silver altar of Zin.
   307 | D        | Found a glowing golden altar of the Shining One.
   354 | D        | Noticed a troll
   354 | D        | Noticed a troll
   354 | D        | Noticed a vampire
   354 | D        | Noticed an orc warrior
   359 | D        | Killed a troll
   359 | D        | Killed a troll
   360 | D        | Reached skill level 10 in Unarmed Combat
   360 | D        | Reached XP level 6. HP: 25/51 MP: 0/0
   360 | D        | Reached XP level 7. HP: 28/57 MP: 0/0
   360 | D        | Learned a level 3 spell: Stone Arrow
   363 | D        | Killed a vampire
   364 | D        | Reached skill level 11 in Unarmed Combat
   364 | D        | Reached XP level 8. HP: 33/64 MP: 0/0
   487 | D        | Noticed a two-headed ogre
   487 | D        | Noticed a gargoyle
   487 | D        | Noticed a slime creature
   487 | D        | Noticed a cyclops
   496 | D        | Killed a gargoyle
   500 | D        | Slain by a two-headed ogre

Illustrated notes

Levels and vault maps discovered:
D:        linesprint [early_d, line_temple, items_1, d_10, items_2, lair_1,
          lair_end, items_3, orc_1, orc_end, items_4, d_15, swamp_1, shoals_1,
          snake_1, spider_1, d_20, vaults_1, items_5, swamp_end, shoals_end,
          snake_end, spider_end, vaults_end, d_27, items_6, zot_1, zot_end,
          crypt_end, forest_end, elf_end, slime_end, tomb_end, abyss_end,
          pan_hell_end]

Skill      XL: |  1  2  3  4  5  6  7  8 |
---------------+-------------------------+-----
Shapeshifting  | 4 6 7 |  7.6
Fighting       | 3 6 7 8 |  8.1
Dodging        | 4 7 8 9 |  9.1
Unarmed Combat | 6 10 11 | 11.9

Action                     |  1- 3 |  4- 6 |  7- 9 || total
---------------------------+-------+-------+-------++-------
  Melee: Unarmed           |    16 |    13 |    20 ||    49
         Punch             |     2 |       |     1 ||     3
  Evoke: Wand              |       |     4 |     4 ||     8
    Use: Potion            |     1 |       |     2 ||     3
         Scroll            |       |     1 |       ||     1
   Stab: Invisible         |       |       |     3 ||     3
 Armour: Animal skin       |     2 |     4 |     6 ||    12
  Dodge: Dodged            |     8 |     8 |    13 ||    29

Table legend: (Time is in decaauts)
 A = Elapsed time spent in this place.
 B = Non-inter-level travel time spent in this place.
 C = Inter-level travel time spent in this place.
 D = Time resting spent in this place.
 E = Time spent auto-exploring this place.
 F = Levels seen in this place.
 G = Mean time per level.
                   A        B        C        D        E       F      G
               +--------+--------+--------+--------+--------+-----+--------+
         Total |    498 |    498 |      0 |    342 |      0 |   1 |  498.0 |
       Dungeon |    498 |    498 |      0 |    342 |      0 |   1 |  498.0 |
               +--------+--------+--------+--------+--------+-----+--------+

Top non-repeatable levels by time:
       D: 498 daAuts
